 Dungeon Crawl Stone Soup version 0.21-a0-630-g344d351 (webtiles) character file.

186 KristoblXynda the Charmwright (level 5, 0/37 HPs)
             Began as a Spriggan Skald on Dec 25, 2017.
             Slain by a mummy (9 damage)
             ... in an ossuary.
             The game lasted 00:10:34 (4469 turns).

KristoblXynda the Charmwright (Spriggan Skald)      Turns: 4469, Time: 00:10:35

Health: 0/37       AC: 22    Str:  8    XL:     5   Next: 38%
Magic:  6/12       EV:  4    Int: 15    God:
Gold:   175        SH:  0    Dex: 15    Spells: 6/12 levels left

rFire    . . .     SeeInvis +   u - +0 dagger
rCold    . . .     Gourm    .   (shield restricted)
rNeg     + + +     Faith    .   (armour currently unavailable)
rPois    +         Spirit   .   (helmet currently unavailable)
rElec    .         Reflect  .   (cloak currently unavailable)
rCorr    .         Harm     .   (gloves unavailable)
MR       .....     NoTele   +   (boots unavailable)
Stlth    ++........             (no amulet)
HPRegen  0.12/turn              p - ring of positive energy
MPRegen  0.13/turn              t - +5 ring of evasion

@: tree-form, very slightly contaminated
A: very small, unfitting armour, see invisible, herbivore, slow metabolism 2
a: no special abilities


You were in an ossuary.
You were not hungry.
You were a tree.
You visited 1 branch of the dungeon, and saw 4 of its levels.
You also visited: Ossuary.

You collected 175 gold pieces.

Inventory:

Hand Weapons
 u - a +0 dagger (weapon)
Armour
 b - a +0 robe (melded)
Jewellery
 p - a ring of positive energy (left branch)
 t - a +5 ring of evasion (right branch)
Wands
 r - a wand of scattershot (3)
Scrolls
 e - a scroll of remove curse
 s - 2 scrolls of amnesia
Potions
 d - a potion of might {unknown}
 f - a potion of brilliance {unknown}
 g - a potion of lignification
 h - a potion of degeneration {unknown}
 j - a potion of ambrosia {unknown}
 n - a potion of invisibility {unknown}
 o - 2 potions of mutation
 q - 2 potions of resistance
Books
 c - a book of Battle

   Spells                             Type                      Level
   a - Infusion                       Charms                       1
   b - Shroud of Golubria             Charms/Translocation         2
   c - Song of Slaying                Charms                       2
   d - Spectral Weapon                Hexes/Charms                 3
   e - Regeneration                   Charms/Necromancy            3


   Skills:
 - Level 1.5 Fighting
 + Level 3.5 Short Blades
 - Level 4.1 Dodging
 + Level 3.0 Stealth
 + Level 4.1 Spellcasting
 + Level 5.9 Charms


You had 6 spell levels left.
You knew the following spells:

 Your Spells              Type           Power        Failure   Level  Hunger
b - Regeneration          Chrm/Necr      ##........   16%         3    ###....
c - Spectral Weapon       Hex/Chrm       ##......     16%         3    ###....


Dungeon Overview and Level Annotations

Branches:
Dungeon (4/15)
 Temple: D:4-7

Altars:
The Shining One

Annotations:
D:3 Natasha
D:4 Pikel


Innate Abilities, Weirdness & Mutations

You are very small and have problems with some larger weapons.
You are too small for most types of armour.
You have supernaturally acute eyesight. (SInv)
You are a herbivore.
((You cover ground extremely quickly.))
You need consume almost no food.


Message History

You start resting.
A mummy opens the door.
A mummy is nearby!
Okay, then.
Okay, then.
You eat the ration.
That ration really hit the spot!
It was a potion of lignification.
You turn into a tree.
Your +0 robe melds into your body.
Your roots penetrate the ground.
Casting: Spectral Weapon
Confirm with . or Enter, or press ? or * to list all spells.
You miscast Spectral Weapon.
You are very lightly contaminated with residual magic.
Your skin tingles.
The mummy barely misses you.
Casting: Spectral Weapon
Confirm with . or Enter, or press ? or * to list all spells.
You draw out your weapon's spirit!
A mummy comes into view.
You hit the mummy but do no damage.
Your spectral weapon hits the mummy.
The mummy hits you!
You die...

#####
#..∩#
#.∩.#
#.♣(#
##M##
..M
#+#'#
.# ##


You could see 2 mummies and a friendly spectral dagger.

Vanquished Creatures
  An orc wizard (D:3)
  A bullfrog skeleton (D:4)
  Natasha (D:3)
  A worker ant (D:3)
  A mummy (Ossuary)
  An adder (D:2)
  4 worms
  5 orcs
  4 giant cockroaches
  3 goblins
  4 hobgoblins
  4 jackals
  3 kobolds
  3 bats
  4 frilled lizards
  A leopard gecko skeleton (D:4)
  6 rats
47 creatures vanquished.

Vanquished Creatures (others)
  3 spectral weapons
3 creatures vanquished.

Grand Total: 50 creatures vanquished

Notes
Turn   | Place    | Note
-------+----------+-------------------------------------------
     0 | D:1      | KristoblXynda the Spriggan Skald began the quest for the Orb.
     0 | D:1      | Reached XP level 1. HP: 10/10 MP: 5/5
   549 | D:1      | Reached XP level 2. HP: 10/14 MP: 6/6
  1979 | D:2      | Reached XP level 3. HP: 16/18 MP: 8/8
  1984 | D:2      | Learned a level 3 spell: Regeneration
  1988 | D:2      | Learned a level 3 spell: Spectral Weapon
  2005 | D:2      | Reached skill level 5 in Charms
  2549 | D:3      | Noticed Natasha
  2771 | D:3      | Killed Natasha
  2771 | D:3      | Reached skill level 1 in Stealth
  2832 | D:3      | Reached XP level 4. HP: 22/22 MP: 6/10
  3502 | D:3      | Noticed Natasha
  3982 | D:3      | Reached XP level 5. HP: 23/25 MP: 8/11
  4306 | D:4      | Found a glowing golden altar of the Shining One.
  4324 | D:4      | Noticed Pikel
  4324 | D:4      | Noticed a slave
  4324 | D:4      | Noticed a slave
  4324 | D:4      | Noticed a slave
  4324 | D:4      | Noticed a slave
  4345 | D:4      | Found a sand-covered staircase.
  4353 | Ossuary  | Entered an ossuary
  4469 | Ossuary  | Slain by a mummy

Vault maps used:
D:1:      lemuel_arrival_funnel
D:3:      kennysheep_another_room, uniq_natasha
D:4:      kennysheep_mini, minmay_temple_entry_large_hall,
          chequers_ossuary_entry_cave, first_ration, minmay_misc_feat_rows,
          tso_metal_star, uniq_pikel
Ossuary:  ossuary_zaba_flooded

Skill      XL: |  1  2  3  4  5 |
---------------+----------------+-----
Spellcasting   | 3 4 |  4.1
Dodging        | 4 |  4.1
Charms         | 5 |  5.9
Short Blades   | 3 |  3.5
Stealth        | 1 2 3 |  3.0
Fighting       | |  1.5

Action                   |  1- 3 |  4- 6 || total
-------------------------+-------+-------++-------
Melee: Short sword       |   176 |    71 ||   247
       Dagger            |       |    80 ||    80
 Cast: Spectral Weapon   |     4 |    10 ||    14
  Use: Scroll            |       |     8 ||     8
       Potion            |       |     1 ||     1
 Stab: Distracted        |       |     2 ||     2
       Sleeping          |       |     2 ||     2
  Eat: Ration            |       |     2 ||     2
Armor: Robe              |    13 |     6 ||    19
Dodge: Dodged            |   147 |    91 ||   238

Table legend:
 A = Spawn XP
 B = Non-spawn XP
 C = Spawn XP percentage of total XP
 D = Spawn monster count
 E = Non-spawn monster count
 F = Spawn count percentage of total count
 G = Total turns spent on level
                    A         B        C        D         E        F      G
               +---------+---------+-------+---------+---------+-------+---------
         Total |       0 |     267 |   0.0 |       0 |      47 |   0.0 |  4469
               +---------+---------+-------+---------+---------+-------+---------
           D:1 |       0 |      17 |   0.0 |       0 |      10 |   0.0 |  1829
           D:2 |       0 |      50 |   0.0 |       0 |      20 |   0.0 |  1239
           D:3 |       0 |     137 |   0.0 |       0 |      13 |   0.0 |  1193
           D:4 |       0 |      45 |   0.0 |       0 |       3 |   0.0 |    92
       Ossuary |       0 |      18 |   0.0 |       0 |       1 |   0.0 |   116
               +---------+---------+-------+---------+---------+-------+---------
